 Dungeon Crawl Stone Soup version 0.23-a0-344-ge122d05 (webtiles) character file.

3033 Garbasso the Geomancer (level 9, -6/88 HPs)
             Began as a Troll Earth Elementalist on Oct 19, 2018.
             Was a Believer of Yredelemnul.
             Mangled by a wolf (11 damage)
             ... led by Grum
             ... on level 8 of the Dungeon.
             The game lasted 00:23:49 (7533 turns).

Garbasso the Geomancer (Troll Earth Elementalist)   Turns: 7533, Time: 00:23:50

Health: -6/88      AC:  5    Str: 18    XL:     9   Next: 56%
Magic:  9/9        EV: 10    Int: 14    God:    Yredelemnul [**....]
Gold:   299        SH:  0    Dex: 10    Spells: 1/10 levels left

rFire    + + .     SeeInvis .     - Unarmed
rCold    + . .     Gourm    +   (no shield)
rNeg     + . .     Faith    .   B - +0 robe {rF+}
rPois    .         Spirit   .   (helmet restricted)
rElec    .         Reflect  .   o - scarf {rC+ rF+}
rCorr    +         Harm     .   (gloves unavailable)
MR       .....                  (boots unavailable)
Stlth    +.........             (no amulet)
HPRegen  0.64/turn              k - ring of resist corrosion
MPRegen  0.11/turn              n - ring of positive energy

@: no status effects
A: large, unfitting armour, claws 3, fast metabolism 3, gourmand, regeneration
1, shaggy fur 1, tough skin 2
a: Animate Remains, Recall Undead Slaves, Injury Mirror, Renounce Religion


You were on level 8 of the Dungeon.
You worshipped Yredelemnul.
Yredelemnul was pleased with you.
You were not hungry.

You visited 2 branches of the dungeon, and saw 9 of its levels.

You collected 468 gold pieces.
You spent 169 gold pieces at shops.

Inventory:

Missiles
 b - 383 stones (quivered)
Armour
 o - a scarf of resistance (worn)
 B - a +0 robe of fire resistance (worn)
Jewellery
 k - a ring of resist corrosion (left claw)
 n - a ring of positive energy (right claw)
Wands
 q - a wand of disintegration (11)
 t - a wand of polymorph (17)
 v - a wand of digging (16)
 A - a wand of iceblast (9)
Scrolls
 a - 5 scrolls of remove curse {unknown}
 c - a scroll of magic mapping {unknown}
 f - 9 scrolls of identify {unknown}
 g - 4 scrolls of enchant weapon {unknown}
 h - 3 scrolls of fog {unknown}
 l - 4 scrolls of fear {unknown}
 m - 3 scrolls of blinking {unknown}
 r - a scroll of teleportation {unknown}
 x - 2 scrolls of random uselessness {unknown}
 y - 3 scrolls of amnesia {unknown}
 C - a scroll of silence {unknown}
Potions
 e - 3 potions of curing {unknown}
 i - a potion of lignification {unknown}
 j - a potion of cancellation {unknown}
 p - a potion of haste {unknown}
 s - 3 potions of flight {unknown}
 u - 3 potions of heal wounds {unknown}
 w - a potion of brilliance {unknown}
 z - 3 potions of might {unknown}
Comestibles
 d - 13 rations


   Skills:
 + Level 5.2 Fighting
 - Level 1.5 Dodging
 - Level 1.0 Stealth
 + Level 6.3 Unarmed Combat
 - Level 1.2 Spellcasting
   Level 0.6 Transmutations
 * Level 8.9 Earth Magic
 + Level 2.5 Invocations


You had one spell level left.
You knew the following spells:

 Your Spells              Type           Power        Failure   Level  Hunger
a - Sandblast             Erth           ####..       1%          1    ##.....
b - Stone Arrow           Conj/Erth      ##....       12%         3    ####...
c - Lee's Rapid Deconstr  Erth           ####......   19%         5    ######.

Your spell library contained the following spells:

 Spells                   Type           Power        Failure   Level  Hunger
 Passwall                 Tmut/Erth      ##......     5%          2    ###....
 Petrify                  Tmut/Erth      ##......     34%         4    #####..


Dungeon Overview and Level Annotations

Branches:
Dungeon (8/15)             Temple (1/1) D:5
   Lair: D:8-11

Altars:
Ashenzari
Cheibriados
Dithmenos
Fedhas
Gozag
Kikubaaqudgha
Makhleb
Nemelex Xobeh
Okawaru
Qazlal
Ru
Trog
Uskayaw
Vehumet
Wu Jian
Xom
Yredelemnul
The Shining One

Shops:
D:6 }

Annotations:
D:8 Grum


Innate Abilities, Weirdness & Mutations

You are too large for most types of armour.
You have claws for hands.
Your metabolism is lightning-fast.
You like to eat raw meat.
Your natural rate of healing is unusually fast.
You are covered in fur. (AC +1)
You have very tough skin. (AC +2)


Message History

You barely miss Grum.
Grum is moderately wounded.
The wolf bites you! The wolf bites you but does no damage.
Grum closely misses you. The wolf bites you.
You claw Grum!
Grum is heavily wounded.
The wolf bites you but does no damage. The wolf bites you! x2
Grum stares intently and growls.
Grum hits you with a -2 spear!
* * * LOW HITPOINT WARNING * * *
The wolf bites you!
* * * LOW HITPOINT WARNING * * *
The wolf completely misses you.
Grum hits you from afar with a -2 spear.
* * * LOW HITPOINT WARNING * * *
The wolf bites you but does no damage.
There is a stone staircase leading up, spattered with blood here.
The wolf bites you!
You die...
Your body rises from the dead as a mindless zombie.

##............
#.............
#.............
#.............
#.............
##.............
........g......
#.....h......
##...@h......
.....#..F....._
.### #.........
#....l....
..........
.##........ .
...<..... #
.........


You could see Grum, a wyvern, 2 wolves and a bullfrog.

Vanquished Creatures
  Pikel (D:7)
  Joseph (D:7)
  Prince Ribbit (D:5)
  Menkaure (D:5)
  A water moccasin (D:6)
  An orc warrior (D:6)
  2 ice beasts
  3 ogres
  3 centaurs
  2 bullfrogs (D:7)
  A bullfrog skeleton (D:6)
  An orc priest (D:5)
  A gnoll shaman (D:4)
  3 hounds
  5 iguanas
  An orc wizard (D:5)
  6 worker ants
  A killer bee zombie (D:5)
  Robin (D:4)
  8 gnolls
  A howler monkey skeleton (D:4)
  9 adders
  An ooze (D:1)
  An adder skeleton (D:5)
  5 worms
  A dart slug (D:1)
  3 leopard geckos
  33 orcs
  2 giant cockroaches
  13 goblins
  17 hobgoblins
  8 quokkas
  A ball python skeleton (D:4)
  4 bats
  A frilled lizard (D:1)
  A jackal skeleton (D:5)
  14 kobolds
  A quokka skeleton (D:5)
  8 rats
168 creatures vanquished.

Vanquished Creatures (collateral kills)
  A phantom (D:6)
  A bullfrog zombie (D:6)
  A gnoll (D:6)
  An adder (D:6)
  3 orcs
7 creatures vanquished.

Vanquished Creatures (others)
  A bullfrog (D:7)
  A bullfrog zombie (D:7)
  A bullfrog skeleton (D:7)
  An iguana zombie (D:7)
  A leopard gecko zombie (D:7)
  3 orc skeletons (D:7)
8 creatures vanquished.

Grand Total: 183 creatures vanquished

Notes
Turn   | Place    | Note
-------+----------+-------------------------------------------
     0 | D:1      | Garbasso the Troll Earth Elementalist began the quest for
                  | the Orb.
     0 | D:1      | Reached XP level 1. HP: 16/16 MP: 1/1
   293 | D:1      | Reached skill level 3 in Earth Magic
   293 | D:1      | Reached XP level 2. HP: 24/26 MP: 0/2
  1014 | D:2      | Reached skill level 1 in Unarmed Combat
  1016 | D:2      | Reached XP level 3. HP: 31/32 MP: 3/3
  1021 | D:2      | Learned a level 3 spell: Stone Arrow
  1174 | D:2      | Found a shadowy altar of Dithmenos.
  1175 | D:2      | Reached skill level 1 in Fighting
  1956 | D:3      | Reached XP level 4. HP: 41/41 MP: 0/4
  2100 | D:2      | Reached skill level 4 in Earth Magic
  2287 | D:3      | Reached XP level 5. HP: 41/48 MP: 3/5
  2897 | D:4      | Reached XP level 6. HP: 49/57 MP: 6/6
  2938 | D:4      | Found a bloodstained altar of Trog.
  2948 | D:4      | Noticed Robin
  3217 | D:4      | Reached skill level 5 in Earth Magic
  3371 | D:4      | Killed Robin
  3662 | D:4      | Reached XP level 7. HP: 57/66 MP: 7/7
  3742 | D:4      | You fall through a shaft!
  3742 | D:5      | Entered Level 5 of the Dungeon
  4095 | D:5      | Found a staircase to the Ecumenical Temple.
  4110 | Temple   | Entered the Ecumenical Temple
  4220 | Temple   | Became a worshipper of Yredelemnul the Dark
  4353 | D:5      | Noticed Menkaure
  4367 | D:5      | Killed Menkaure
  4367 | D:5      | Reached skill level 6 in Earth Magic
  4554 | D:5      | Noticed Prince Ribbit
  4563 | D:5      | Killed Prince Ribbit
  4563 | D:5      | Reached XP level 8. HP: 36/78 MP: 3/8
  4686 | D:5      | Reached * piety under Yredelemnul
  5214 | D:6      | Found Faagg's Gadget Shoppe.
  5269 | D:6      | Reached skill level 7 in Earth Magic
  5357 | D:6      | Learned a level 5 spell: Lee's Rapid Deconstruction
  5472 | D:6      | Reached skill level 5 in Unarmed Combat
  5773 | D:6      | Bought a wand of iceblast (9) for 169 gold pieces
  6110 | D:6      | Reached ** piety under Yredelemnul
  6320 | D:7      | Found an ancient bone altar of Kikubaaqudgha.
  6488 | D:7      | Reached skill level 8 in Earth Magic
  6518 | D:7      | Reached XP level 9. HP: 48/85 MP: 4/9
  6522 | D:7      | Reached skill level 1 in Invocations
  6805 | D:7      | Noticed Joseph
  6872 | D:7      | Killed Joseph
  7066 | D:7      | Reached skill level 5 in Fighting
  7101 | D:7      | Noticed Pikel
  7160 | D:7      | Killed Pikel
  7527 | D:8      | Found a blossoming altar of Fedhas.
  7527 | D:8      | Noticed Grum
  7532 | D:8      | HP: 4/88 [Grum/-2 spear (6)]
  7533 | D:8      | Mangled by a wolf

Vault maps used:
D:1:      kennysheep_arrival_seaside, minmay_hedge_maze
D:2:      nicolae_overflow_crystal_walls, first_ration, lemuel_flame_loot_1
D:4:      bloody_trog, uniq_robin
D:5:      corexii_shantytown, temple_green, cheibrodos_sewer_entry_bend,
          hangedman_abyss_or_decor_stabs, uniq_menkaure, uniq_prince_ribbit1
D:6:      serial_shops, nicolae_shop_waterfront, minivault_25
D:7:      kiku_gazebo_garden_becter, minmay_bent, uniq_joseph, uniq_pikel
D:8:      grunt_temple_overflow_open, lair_entry_dummy, uniq_erica, uniq_grum,
          uniq_gastronok
Temple:   regret_index_temple_waves

Skill      XL: |  1  2  3  4  5  6  7  8  9 |
---------------+----------------------------+-----
Earth Magic    | 3 4 5 6 8 |  8.9
Unarmed Combat | 1 2 3 4 5 6 |  6.3
Fighting       | 1 2 3 4 5 |  5.2
Invocations    | 2 |  2.5
Dodging        | |  1.5
Stealth        | |  1.0
Spellcasting   | |  1.2
Transmutations | |  0.6

Action                   |  1- 3 |  4- 6 |  7- 9 || total
-------------------------+-------+-------+-------++-------
Melee: Unarmed           |   103 |   184 |   286 ||   573
       Punch             |     1 |       |     5 ||     6
 Cast: Sandblast         |     4 |    30 |    35 ||    69
       Stone Arrow       |       |     2 |     3 ||     5
       Lee's Rapid Decon |       |       |     3 ||     3
Invok: Animate Remains   |       |       |    15 ||    15
 Stab: Sleeping          |     3 |       |     3 ||     6
       Distracted        |       |       |     2 ||     2
  Eat: Chunk             |    21 |    20 |    35 ||    76
Armor: Robe              |    27 |    51 |    77 ||   155
Dodge: Dodged            |    60 |    99 |   157 ||   316

Table legend:
 A = Non-vault XP
 B = Vault XP
 C = Vault XP percentage of total XP
 D = Non-vault monster count
 E = Vault monster count
 F = Vault count percentage of total count
                 A         B        C        D         E       F
            +---------+---------+-------+---------+---------+-------
      Total |    2290 |    2043 |  47.1 |     122 |      54 |  30.7
            +---------+---------+-------+---------+---------+-------
        D:1 |      25 |       0 |   0.0 |      12 |       0 |   0.0
        D:2 |     103 |       0 |   0.0 |      24 |       0 |   0.0
        D:3 |     133 |       0 |   0.0 |      22 |       0 |   0.0
        D:4 |     465 |      39 |   7.7 |      15 |      13 |  46.4
        D:5 |     393 |     514 |  56.7 |      13 |      32 |  71.1
        D:6 |     876 |       0 |   0.0 |      25 |       0 |   0.0
        D:7 |     295 |    1490 |  83.5 |      11 |       9 |  45.0
            +---------+---------+-------+---------+---------+-------
